 Dungeon Crawl Stone Soup version 0.20.0-3-g22ec75f (webtiles) character file.

142 IcySystem the Stinger (level 5, -10/31 HPs)
             Began as an Octopode Venom Mage on May 27, 2017.
             Killed by nerve-wracking pain
             ... invoked by Grinder
              (13 damage)
             ... while paralysed by Grinder
             ... on level 3 of the Dungeon.
             The game lasted 00:13:48 (3410 turns).

IcySystem the Stinger (Octopode Venom Mage)         Turns: 3410, Time: 00:13:48

Health: -10/31     AC:  1    Str:  7    XL:     5   Next: 25%
Magic:  3/9        EV:  2    Int: 18    God:
Gold:   62         SH:  0    Dex: 13    Spells: 6/10 levels left

rFire    . . .     SeeInvis .   d - -1 club (curse)
rCold    . . .     Gourm    .   (no shield)
rNeg     . . .     Faith    .   (helmet restricted)
rPois    .         Spirit   .   (no amulet)
rElec    .         Reflect  .   o - ring of teleportation (curse)
rCorr    .         Harm     .   (no ring)
MR       .....     Rnd*Tele +   (no ring)
Stlth    +++.......             (no ring)
Regen    0.1/turn               (no ring)
MPRegen  0.2/turn               (no ring)
                                (no ring)
                                (no ring)

@: paralysed
A: almost no armour, stealthy swim, amphibious, 8 rings, constrict 8, camouflage
1, gelatinous body 1
a: no special abilities


You were on level 3 of the Dungeon.
You were not hungry.

You visited 1 branch of the dungeon, and saw 3 of its levels.

You collected 62 gold pieces.

Inventory:

Hand Weapons
 c - a +0 dagger
 d - a cursed -1 club (weapon)
 e - a +0 dagger
 g - a +0 mace
 j - a +2 dagger of freezing
 m - a cursed -3 dagger
Missiles
 q - 17 sling bullets
Jewellery
 o - a cursed ring of teleportation (left tentacle)
Scrolls
 f - a scroll of identify
 h - a scroll of teleportation
 n - 2 scrolls of recharging
 p - a scroll of enchant armour
Potions
 k - 2 potions of curing {unknown}
 l - a potion of degeneration {unknown}
 r - a potion of flight {unknown}
 s - a potion of resistance {unknown}
Books
 a - a Young Poisoner's Handbook

   Spells                             Type                      Level
   a - Sting                          Conjuration/Poison           1
   b - Poisonous Vapours              Poison/Air                   2
   c - Mephitic Cloud                 Conjuration/Poison/Air       3
   d - Olgreb's Toxic Radiance        Poison                       4
   e - Venom Bolt                     Conjuration/Poison           5
Comestibles
 b - a bread ration
 i - a royal jelly
 t - a fruit


   Skills:
 - Level 2.0 Dodging
 - Level 4.0 Stealth
 - Level 3.0 Spellcasting
 + Level 2.8 Conjurations
 + Level 4.5 Poison Magic


You had 6 spell levels left.
You knew the following spells:

 Your Spells              Type           Power        Failure   Level  Hunger
a - Sting                 Conj/Pois      ###.         3%          1    None
b - Mephitic Cloud        Conj/Pois/Air  ##......     19%         3    ###....


Dungeon Overview and Level Annotations

Branches:
Dungeon (3/15)

Altars:

Annotations:
D:3 Grinder


Innate Abilities, Weirdness & Mutations

You cannot wear most types of armour.
You are very stealthy in the water. (Stealth+)
You are amphibious.
You can wear up to eight rings at the same time.
You can use your tentacles to constrict eight enemies at once.
Your skin changes colour to match your surroundings (Stealth+).
Your rubbery body absorbs attacks. (AC +1, EV +1)


Message History

Confirm with . or Enter, or press ? or * to list all spells.
You don't have enough magic to cast that spell.
Grinder gestures at you.
You suddenly lose the ability to move!
Grinder hits you.
Grinder blinks!
The frilled lizard bites you. Grinder gestures at you.
You shrug off the repeated paralysis!
The frilled lizard bites you. x2
* * * LOW HITPOINT WARNING * * *
Grinder hits you.
* * * LOW HITPOINT WARNING * * *
You writhe in agony.
* * * LOW HITPOINT WARNING * * *
The frilled lizard bites you.
* * * LOW HITPOINT WARNING * * *
Grinder gestures at you. Pain shoots through your body!
You die...

.# **,*#,o....#
.#*******..,..##.(.###
..,,,,,,,..###.......#
.##*,,*,,............#
..,,,**,,....$.......#
,,,,,,,,,...........[#
.#*****,,............#
.# *,,............#
.###* *,,......l@....#
...,***,,.......5g...#
..,,,,,,,.......######
###...*,,.......*
$.....,,,o......*
###.,,,*,#######*
###.#,,,,,****
....#,,,,,,,,**
...##**,,***,,*


You could see Grinder, an orc, a hobgoblin (confused) and a frilled lizard.

Vanquished Creatures
  Robin (D:3)
  2 adders (D:2)
  2 worms
  3 dart slugs (D:1)
  3 leopard geckos
  3 orcs (D:3)
  10 bats
  5 giant cockroaches
  18 goblins
  10 hobgoblins
  7 jackals (D:2)
  5 kobolds
  4 ball pythons
  5 frilled lizards
  12 rats
90 creatures vanquished.

Notes
Turn   | Place    | Note
-------+----------+-------------------------------------------
     0 | D:1      | IcySystem the Octopode Venom Mage began the quest for the Orb.
     0 | D:1      | Reached XP level 1. HP: 11/11 MP: 3/3
   233 | D:1      | Reached XP level 2. HP: 17/17 MP: 3/5
   496 | D:1      | Reached XP level 3. HP: 20/21 MP: 2/6
  1174 | D:1      | Learned a level 3 spell: Mephitic Cloud
  1624 | D:2      | Reached XP level 4. HP: 27/27 MP: 1/8
  2714 | D:3      | Noticed Robin
  2883 | D:3      | Killed Robin
  2883 | D:3      | Reached XP level 5. HP: 24/31 MP: 0/9
  2991 | D:3      | Found a faded altar of an unknown god.
  2993 | D:3      | Noticed Grinder
  3395 | D:3      | Paralysed by Grinder for 6 turns
  3404 | D:3      | Paralysed by Grinder for 7 turns
  3410 | D:3      | Killed from afar by Grinder

Skill      XL: |  1  2  3  4 |
---------------+-------------+-----
Stealth        | 3 4 |  4.0
Spellcasting   | 3 |  3.0
Conjurations   | 2 |  2.8
Poison Magic   | 4 |  4.5
Dodging        | |  2.0

Action                   |  1- 3 |  4- 6 || total
-------------------------+-------+-------++-------
Melee: Unarmed           |     1 |       ||     1
       Club              |    18 |    40 ||    58
       Constrict         |     8 |     9 ||    17
       Tentacles         |     3 |     4 ||     7
 Cast: Sting             |    66 |    82 ||   148
       Mephitic Cloud    |       |     2 ||     2
  Use: Scroll            |     2 |     2 ||     4
  Eat: Chunk             |     2 |     6 ||     8
Armor: Skin              |     4 |    22 ||    26
Dodge: Dodged            |    13 |    95 ||   108
